 Dungeon Crawl Stone Soup version 0.25-a0-156-g0c4bda3fdf (webtiles) character file.

Game seed: 431455227168395445, levelgen mode: deterministic

94 vurker the Skirmisher (level 4, -3/37 HPs)
             Began as a Formicid Abyssal Knight on Nov 20, 2019.
             Was a Believer of Lugonu.
             Slain by a gnoll sergeant
             ... wielding a +0 spear
              (6 damage)
             ... on level 2 of the Dungeon.
             The game lasted 00:01:53 (1378 turns).

vurker the Skirmisher (Formicid Abyssal Knight)     Turns: 1378, Time: 00:01:53

Health: -3/37      AC:  3    Str: 18    XL:     4   Next: 94%
Magic:  6/6        EV: 11    Int: 11    God:    Lugonu [**....]
Gold:   29         SH:  0    Dex: 10    Spells: 3/3 levels left

rFire    . . .     SeeInvis +   a - +1 hand axe
rCold    . . .     Gourm    .   (no shield)
rNeg     . . .     Faith    .   b - +0 leather armour
rPois    .         Spirit   .   (helmet unavailable)
rElec    .         Reflect  .   (no cloak)
rCorr    .         Harm     .   (no gloves)
MR       .....                  (no boots)
Stlth    +.........             c - amulet of regeneration
HPRegen  0.52/turn              (no ring)
MPRegen  0.10/turn              (no ring)

@: no status effects
A: permanent stasis, dig shafts and tunnels, four strong arms, antennae 3
a: Dig, Shaft Self, Depart the Abyss, Bend Space, Renounce Religion


You were on level 2 of the Dungeon.
You worshipped Lugonu.
Lugonu was pleased with you.
You were not hungry.

You visited 1 branch of the dungeon, and saw 2 of its levels.
You visited the Abyss 1 time.

You collected 29 gold pieces.

Inventory:

Hand Weapons
 a - a +1 hand axe (weapon)
Armour
 b - a +0 leather armour (worn)
Jewellery
 c - an amulet of regeneration (around neck)
   (You found it on level 1 of the Abyss)
Scrolls
 g - a scroll of identify {unknown}
 h - 2 scrolls of remove curse {unknown}
 i - a scroll of fog {unknown}
 l - a scroll of teleportation {unknown}
Potions
 d - a potion of ambrosia {unknown}
 j - a potion of agility {unknown}
 k - 2 potions of haste {unknown}
Comestibles
 e - 8 rations
 f - 5 chunks of flesh


   Skills:
 + Level 4.0 Fighting
 * Level 3.5 Axes
 - Level 2.1 Armour
 - Level 0.8 Dodging
 + Level 3.3 Invocations


You had 3 spell levels left.
You didn't know any spells.
Your spell library was empty.

Dungeon Overview and Level Annotations

Branches:
Dungeon (2/15)

Altars:


Innate Abilities, Weirdness & Mutations

You cannot be hasted, slowed, berserked, paralysed or teleported.
You can dig through walls and to a lower floor.
Your four strong arms can wield two-handed weapons with a shield.
You have a pair of large antennae on your head. (SInv)


Message History

Things that are here:
a +0 club; an adder skeleton; a hobgoblin skeleton You butcher the bat corpse.
f - 5 chunks of flesh (gained 1)
You see here a bat skeleton. x2
k - 2 white potions (gained 1)
Found a scroll labeled TIASIWAUHY.
l - a scroll labeled TIASIWAUHY
Found 10 stones.
You see here 10 stones.
You see here 23 stones. 2 gnolls come into view.
A gnoll sergeant comes into view. It is wielding a +0 spear.
The gnoll sergeant shouts!
You hit the gnoll. The gnoll hits you with a +0 flail!
A gnoll comes into view. It is wielding a +0 halberd.
You hit the gnoll. The gnoll completely misses you.
You hit the gnoll but do no damage. The gnoll barely misses you.
You hit the gnoll. The gnoll closely misses you.
You hit the gnoll.
You kill the gnoll!
Lugonu accepts your kill. The gnoll sergeant closely misses you.
Unknown command.
The gnoll sergeant closely misses you.
Things that are here:
a +0 flail; a gnoll corpse You barely miss the gnoll sergeant.
The gnoll sergeant misses you.
You hit the gnoll sergeant but do no damage.
The gnoll sergeant hits you but does no damage.
You hit the gnoll sergeant.
The gnoll sergeant hits you but does no damage.
You completely miss the gnoll sergeant.
The gnoll sergeant hits you with a +0 spear!
The gnoll sergeant closely misses you.
You closely miss the gnoll sergeant.
The gnoll sergeant hits you with a +0 spear.
Your leather armour prevents you from hitting the gnoll sergeant.
The gnoll sergeant barely misses you.
You hit the gnoll sergeant but do no damage.
The gnoll sergeant closely misses you.
You hit the gnoll sergeant but do no damage.
The gnoll sergeant hits you with a +0 spear!
* * * LOW HITPOINT WARNING * * *
You hit the gnoll sergeant.
The gnoll sergeant hits you with a +0 spear!
* * * LOW HITPOINT WARNING * * *
You hit the gnoll sergeant but do no damage.
The gnoll sergeant hits you with a +0 spear.
You die...

#.###....### #.##.##.#
#.#.(........ #.##....#
#.#.###.####. #.......#
#.#.# .... .......).
#.#.###.###.##.#>.......
#.#............#.......#
#.#####.###.## #..(....#
#.# #.# #.......# #.#
#@# #........ #.# #g#
##......# #.# #g#
#......# #.# #g# #.# #.#
## #.# #.# #. #.# ..# #.
#(# ### ######. #.#
#......


You could see a gnoll sergeant and 2 gnolls.

Vanquished Creatures
  A gnoll (D:2)
  4 adders (D:2)
  2 oozes
  A worm (D:2)
  A leopard gecko (D:2)
  A ball python (D:2)
  2 giant cockroaches
  4 goblins (D:1)
  9 hobgoblins
  5 bats
  2 frilled lizards (D:1)
  2 kobolds
  A rat (D:2)
35 creatures vanquished.

Notes
Turn   | Place    | Note
-------+----------+-------------------------------------------
     0 | Abyss:1  | vurker the Formicid Abyssal Knight began the quest for the
                  | Orb.
     0 | Abyss:1  | Reached XP level 1. HP: 18/18 MP: 2/2
     9 | D:1      | Escaped the Abyss
    91 | D:1      | Reached XP level 2. HP: 24/24 MP: 3/3
   428 | D:1      | Reached XP level 3. HP: 25/29 MP: 4/4
   803 | D:2      | Reached ** piety under Lugonu
   988 | D:2      | Reached XP level 4. HP: 34/37 MP: 6/6
  1287 | D:2      | Reached skill level 4 in Fighting
  1362 | D:2      | Noticed a gnoll sergeant
  1378 | D:2      | Slain by a gnoll sergeant

Levels and vault maps discovered:
D:1:      scummos_arrival_hexagon, layout_basic
D:2:      layout_basic

Skill      XL: |  1  2  3  4 |
---------------+-------------+-----
Axes           | 3 |  3.5
Invocations    | 3 |  3.3
Fighting       | 4 |  4.0
Armour         | |  2.1
Dodging        | |  0.8

Action                   |  1- 3 |  4- 6 || total
-------------------------+-------+-------++-------
Melee: Hand axe          |   121 |    45 ||   166
  Eat: Chunk             |       |     2 ||     2
Armor: Leather armour    |    41 |     9 ||    50
Dodge: Dodged            |    93 |    32 ||   125

Table legend:
 A = Non-vault XP
 B = Vault XP
 C = Vault XP percentage of total XP
 D = Non-vault monster count
 E = Vault monster count
 F = Vault count percentage of total count
                 A         B        C        D         E       F
            +---------+---------+-------+---------+---------+-------
      Total |     135 |       0 |   0.0 |      35 |       0 |   0.0
            +---------+---------+-------+---------+---------+-------
        D:1 |      37 |       0 |   0.0 |      19 |       0 |   0.0
        D:2 |      98 |       0 |   0.0 |      16 |       0 |   0.0
            +---------+---------+-------+---------+---------+-------
